 Dungeon Crawl Stone Soup version 0.31.0-12-g77e489cdc1 (webtiles) character file.

Game seed: 6941816594527320773

466 Doomgape the Trooper (level 7, -2/44 HPs)
             Began as a Gargoyle Fighter on Mar 7, 2024.
             Slain by Robin
             ... wielding a +0 mace
              (3 damage)
             ... on level 4 of the Dungeon.
             The game lasted 00:10:07 (2914 turns).

Doomgape the Trooper (Gargoyle Fighter)             Turns: 2914, Time: 00:10:07

Health: -2/44      AC: 12    Str: 21    XL:     7   Next: 8%
Magic:  7/7        EV:  9    Int:  9    God:
Gold:   202        SH:  4    Dex:  9    Spells: 6/6 levels left

rFire   . . .        a - +0 flail
rCold   . . .        c - +0 buckler
rNeg    + . .        b - +0 scale mail
rPois   ∞            (no helmet)
rElec   +            (no cloak)
rCorr   .            (no gloves)
SInv    .            (no boots)
Will    .....        (no amulet) Stlth
                     (no ring)
HPRegen 0.27/turn    (no ring)
MPRegen 0.10/turn

%: no passive effects
@: no status effects
A: sickness immunity, AC +4, negative energy resistance 1, electricity
resistance, torment resistance 1, petrification resistance, passive freeze,
sense surroundings 1
a: no special abilities


You were on level 4 of the Dungeon.
You visited 1 branch of the dungeon, and saw 4 of its levels.

You collected 202 gold pieces.

Inventory:

Hand Weapons
 a - a +0 flail (weapon)
Missiles
 i - a throwing net (quivered)
Armour
 b - a +0 scale mail (worn)
 c - a +0 buckler (worn)
Jewellery
 h - a ring of flight
Scrolls
 e - a scroll of revelation {unknown}
 f - a scroll of enchant weapon {unknown}
 g - 6 scrolls of identify {unknown}
 j - a scroll of enchant armour {unknown}
 o - a scroll of fear {unknown}
 q - a scroll of teleportation {unknown}
 r - 2 scrolls of poison {unknown}
Potions
 d - a potion of might
 k - a potion of ambrosia {unknown}
 l - a potion of haste {unknown}
 n - a potion of mutation
 p - a potion of attraction {unknown}
 s - a potion of invisibility {unknown}


   Skills:
 + Level 5.6 Fighting
 + Level 4.4 Maces & Flails
 + Level 5.5 Armour
 - Level 3.2 Shields


You had 6 spell levels left.
You didn't know any spells.
Your spell library contained the following spells:

 Spells                   Type           Power      Damage    Failure   Level
 Kiss of Death            Conj/Necr      0%         2d5       78%         1
 Magic Dart               Conj           0%         1d3       78%         1
 Searing Ray              Conj           0%         2d4       89%         2
 Confusing Touch          Hex            0%         N/A       98%         3
 Dispel Undead            Necr           0%         3d6       100%        4
 Fulminant Prism          Conj/Alch      0%         3d5       100%        4


Dungeon Overview and Level Annotations

Branches:
Dungeon (4/15)
 Temple: D:4-7

Altars:

Annotations:
D:4 Eustachio, Robin


Innate Abilities, Weirdness & Mutations

You are immune to sickness and miasma.
Your stone body is resilient. (AC +4)
You are immune to poison.
You resist negative energy. (rN+)
You are resistant to electric shocks. (rElec)
You are resistant to unholy torment.
You are immune to petrification.
A frigid envelope surrounds you and freezes all who hurt you.
You passively map a small area around you.


Message History

The gnoll is heavily wounded.
The goblin hits you but does no damage.
The goblin is very cold.
You kill the goblin!
Eustachio casts a spell.
Eustachio blinks!
You block the gnoll's attack.
Unknown command.
You closely miss the gnoll.
The gnoll is heavily wounded.
You block Robin's attack. The gnoll hits you with a +0 spear.
* * * LOW HITPOINT WARNING * * *
The gnoll is very cold.
You kill the gnoll!
Unknown command. 2 goblins come into view.
The goblin shouts! x2
The goblin hits you but does no damage.
The goblin is very cold.
You kill the goblin!
Robin hits you but does no damage.
Robin is very cold.
Robin is moderately wounded.
Things that are here:
a +0 spear; a gnoll corpse You block Robin's attack.
The goblin closely misses you.
Things that are here:
a +0 dagger; a goblin corpse Unknown command.
You barely miss the goblin. The goblin hits you with a +0 dagger.
* * * LOW HITPOINT WARNING * * *
The goblin is very cold.
The goblin is severely wounded.
Robin hits you but does no damage.
Robin is very cold.
Robin is almost dead.
Unknown command.
You hit the goblin.
You kill the goblin!
Robin closely misses you.
You hit Robin.
Robin is almost dead.
Robin hits you with a +0 mace.
You die...
Robin lets out a smug laugh. * * #..... #....# , #....# , ....# ,, * * .@.## , gg.,

, , #g#* , * , #.
*##@# , #. #g)#* ,,
* .. #)## ,, * #.
#.# * *
#.###.###########
#..#.....##.....##
#......>........##
#................#
##...†............#


You could see Eustachio, Robin, a hobgoblin (strong) and 2 goblins.

Vanquished Creatures
  Grinder (D:3)
  A kobold brigand (D:4)
  A hound (D:4)
  An iguana (D:3)
  3 gnolls (D:4)
  4 adders (D:2)
  2 ribbon worms (D:2)
  3 dart slugs
  An orc (D:3)
  9 endoplasms
  A giant cockroach (D:2)
  11 goblins
  9 hobgoblins
  5 kobolds
  A quokka (D:2)
  8 ball pythons
  A bat (D:2)
  6 frilled lizards
  6 rats
74 creatures vanquished.

Notes
Turn   | Place    | Note
-------+----------+-------------------------------------------
     0 | D:1      | Doomgape the Gargoyle Fighter began the quest for the Orb.
     0 | D:1      | Reached XP level 1. HP: 14/14 MP: 1/1
   141 | D:1      | Reached XP level 2. HP: 19/19 MP: 2/2
   309 | D:1      | Found a faded altar of an unknown god.
   338 | D:1      | Reached XP level 3. HP: 24/24 MP: 3/3
  1030 | D:2      | Reached XP level 4. HP: 15/29 MP: 4/4
  2067 | D:3      | Noticed Grinder
  2073 | D:3      | Paralysed by Grinder for 2 turns
  2080 | D:3      | Paralysed by Grinder for 4 turns
  2095 | D:3      | Killed Grinder
  2096 | D:3      | Reached skill level 5 in Fighting
  2096 | D:3      | Reached skill level 5 in Armour
  2096 | D:3      | Reached XP level 5. HP: 9/35 MP: 5/5
  2096 | D:3      | Reached XP level 6. HP: 10/40 MP: 6/6
  2899 | D:4      | Noticed Eustachio
  2901 | D:4      | Gained mutation: A frigid envelope surrounds you and
                  | freezes all who hurt you. [potion of mutation]
  2901 | D:4      | Gained mutation: You passively map a small area around you.
                  | [potion of mutation]
  2904 | D:4      | Reached XP level 7. HP: 11/44 MP: 7/7
  2904 | D:4      | Noticed Robin
  2907 | D:4      | HP: 2/44 [gnoll/+0 spear (3)]
  2912 | D:4      | HP: 1/44 [goblin/+0 dagger[Robin] (2)]
  2914 | D:4      | Slain by Robin

Illustrated notes

Levels and vault maps discovered:
D:1:      nzn_arrival_water_spiral, layout_basic,
          shapermc_ecumenical_altar_starsandcircs
D:2:      layout_basic, minmay_diced_spiral
D:3:      layout_loops_ring, amcnicky_mini_rare_corridor_liquid, uniq_grinder
D:4:      layout_rooms, lemuel_zombie_altar_kikubaaqudgha,
          okawaru_metal_pillars_1_2, fedhas_altar_4,
          minmay_temple_entry_sparse_star, uniq_eustachio, uniq_robin,
          uniq_menkaure

Skill      XL: |  1  2  3  4 |
---------------+-------------+-----
Fighting       | 4 5 |  5.6
Armour         | 4 5 |  5.5
Maces & Flails | 4 |  4.4
Shields        | |  3.2

Action                     |  1- 3 |  4- 6 |  7- 9 || total
---------------------------+-------+-------+-------++-------
  Melee: Flail             |    87 |   174 |     7 ||   268
    Use: Potion            |       |     4 |     1 ||     5
 Armour: Scale mail        |    70 |   154 |    14 ||   238
  Dodge: Dodged            |    42 |    87 |     3 ||   132
  Block: Buckler           |    18 |    35 |     5 ||    58
